 Dungeon Sprint DCSS version 0.22.1-1-ga44c0e56f4 (webtiles) character file.

51 MuseOD the Sneak (level 3, -1/19 HPs)
             Began as a Spriggan Enchanter on Sept 28, 2018.
             Slain by a necrophage (7 damage)
             ... in the Dungeon (Sprint III: "The Ten Rune Challenge").
             The game lasted 00:01:32 (652 turns).

MuseOD the Sneak (Spriggan Enchanter)                Turns: 652, Time: 00:01:32

Health: -1/19      AC:  2    Str:  4    XL:     3   Next: 57%
Magic:  8/8        EV: 18    Int: 17    God:
Gold:   38         SH:  0    Dex: 16    Spells: 4/7 levels left

rFire    . . .     SeeInvis +   a - +1 dagger
rCold    . . .     Gourm    .   (shield restricted)
rNeg     . . .     Faith    .   b - +0 robe
rPois    .         Spirit   .   (helmet restricted)
rElec    .         Reflect  .   (no cloak)
rCorr    .         Harm     .   (gloves unavailable)
MR       .....     NoTele   +   (boots unavailable)
Stlth    ++++......             (no amulet)
HPRegen  0.06/turn              (no ring)
MPRegen  0.11/turn              (no ring)

@: very quick
A: very small, unfitting armour, see invisible, herbivore, speed 3, slow
metabolism 2
a: no special abilities


You were in the Dungeon.
You were not hungry.

You visited 1 branch You collected 38 gold pieces.

Inventory:

Hand Weapons
 a - a +1 dagger (weapon)
Armour
 b - a +0 robe (worn)
Scrolls
 i - 2 scrolls of holy word {unknown}
 j - a scroll of blinking
 k - 5 scrolls of identify
Potions
 c - 3 potions of mutation {unknown}
 f - a potion of heal wounds
 g - a potion of haste
 h - 2 potions of magic
 l - a potion of agility {unknown}
 m - 4 potions of flight
Comestibles
 d - 3 rations


   Skills:
 + Level 2.6 Fighting
 * Level 5.5 Short Blades
 - Level 3.0 Dodging
 + Level 7.1 Stealth
 - Level 2.6 Spellcasting
 - Level 3.6 Hexes


You had 4 spell levels left.
You knew the following spells:

 Your Spells              Type           Power        Failure   Level  Hunger
a - Corona                Hex            ##.....      4%          1    #......
b - Ensorcelled Hibernat  Hex/Ice        #.....       13%         2    ##.....

Your spell library contained the following spells:

 Spells                   Type           Power        Failure   Level  Hunger
 Confuse                  Hex            ##......     12%         3    ###....
 Tukima's Dance           Hex            ##......     12%         3    ###....
 Dazzling Spray           Conj/Hex       #.....       26%         3    ###....


Dungeon Overview and Level Annotations

Branches:
Dungeon (1/1)

Altars:
Dithmenos
Ru
Yredelemnul


Innate Abilities, Weirdness & Mutations

You are very small and have problems with some larger weapons.
You are too small for most types of armour.
You have supernaturally acute eyesight. (SInv)
You are a herbivore.
You cover ground extremely quickly.
You need to consume almost no food.


Message History

You hit the necrophage but do no damage.
The necrophage is heavily damaged.
The necrophage barely misses you.
You hit the necrophage but do no damage.
The necrophage is heavily damaged.
The necrophage misses you.
You hit the necrophage.
The necrophage is heavily damaged.
The necrophage misses you.
You hit the necrophage.
The necrophage is heavily damaged.
You hit the necrophage.
The necrophage is heavily damaged.
The necrophage completely misses you.
You hit the necrophage.
The necrophage is heavily damaged.
The necrophage hits you!
* * * LOW HITPOINT WARNING * * *
You feel better. The necrophage hits you!
You die...

▓ ▓▓▓ ♣ ♣.# ####
♣♣ ♣♣.# #__# .♣
..# #n@#
.♣♣♣♣.###+#+###'##
.♣.♣..#..........#
≈♣♣...+.⌠........#
≈≈≈♣..#...######+#
≈≈..E.#.⌠.#
≈.....#...#
......#+###
......#


You could see a necrophage.

Vanquished Creatures
  A necromancer (D)
  A human (D)
  An ooze (D)
  A phantom (D)
  3 rats (D)
7 creatures vanquished.

Vanquished Creatures (others)
  2 draconian scorchers (D)
  6 hellions (D)
  A yaktaur (D)
9 creatures vanquished.

Grand Total: 16 creatures vanquished

Notes
Turn   | Place    | Note
-------+----------+-------------------------------------------
     0 | D        | MuseOD the Spriggan Enchanter began the quest for the Orb.
     0 | D        | Reached XP level 1. HP: 9/9 MP: 5/5
     4 | D        | Reached skill level 1 in Fighting
     4 | D        | Reached skill level 5 in Stealth
    55 | D        | Reached skill level 6 in Stealth
    55 | D        | Reached XP level 2. HP: 9/15 MP: 6/6
    94 | D        | Learned a level 2 spell: Ensorcelled Hibernation
    94 | D        | Killed a hellion
    95 | D        | Killed a hellion
   137 | D        | Killed a hellion
   137 | D        | Killed a hellion
   139 | D        | Killed a hellion
   140 | D        | Killed a hellion
   207 | D        | Killed a white draconian scorcher
   229 | D        | Killed a white draconian scorcher
   342 | D        | Killed a yaktaur
   597 | D        | Noticed a water elemental
   630 | D        | Found a basalt altar of Yredelemnul.
   630 | D        | Found a shadowy altar of Dithmenos.
   630 | D        | Found a sacrificial altar of Ru.
   630 | D        | Noticed a necrophage
   630 | D        | Noticed a necromancer
   632 | D        | Killed a necromancer
   632 | D        | Reached skill level 5 in Short Blades
   632 | D        | Reached skill level 7 in Stealth
   632 | D        | Reached XP level 3. HP: 19/19 MP: 8/8
   652 | D        | Slain by a necrophage

Skill      XL: |  1  2 |
---------------+-------+-----
Fighting       | 2 |  2.6
Short Blades   | 4 5 |  5.5
Stealth        | 6 7 |  7.1
Dodging        | |  3.0
Spellcasting   | |  2.6
Hexes          | |  3.6

Action                   || total
-------------------------++-------
Melee: Dagger            ||    45
  Use: Potion            ||     2
 Stab: Sleeping          ||     5
Dodge: Dodged            ||    25
